 Dungeon Crawl Stone Soup version 0.24-a0-70-gf44d0c5 (webtiles) character file.

Game seed: 17669204772694537242

10273 Kairos the Basher (level 11, 0/86 HPs)
             Began as a Demonspawn Fighter on Feb 6, 2019.
             Was a High Priest of Okawaru.
             Succumbed to a spiny frog's poison
             ... on level 1 of the Lair of Beasts.
             The game lasted 00:12:33 (9004 turns).

Kairos the Basher (Demonspawn Fighter)              Turns: 9004, Time: 00:12:34

Health: 0/86       AC: 21    Str: 21    XL:     11   Next: 34%
Magic:  1/12       EV: 15    Int:  9    God:    Okawaru [*****.]
Gold:   433        SH:  0    Dex: 12    Spells: 9/10 levels left

rFire    . . .     SeeInvis .   u - +1 flail (protect)
rCold    . . .     Gourm    .   (no shield)
rNeg     . . .     Faith    .   b - +5 scale mail
rPois    .         Spirit   +   (helmet restricted)
rElec    .         Reflect  .   y - scarf {Spirit}
rCorr    .         Harm     .   (no gloves)
MR       .....                  (no boots)
Stlth    +++.......             p - amulet of rage
HPRegen  0.24/turn              (no ring)
MPRegen  0.13/turn              (no ring)

@: lethally poisoned (0 -> -19), heroism, protection aura, berserk cooldown,
slowed, very slow
A: antennae 2, hooves 1, nightstalker 1, spiny 1
a: Heroism, Finesse, Renounce Religion, Evoke Berserk Rage


You were on level 1 of the Lair of Beasts.
You worshipped Okawaru.
Okawaru was extremely pleased with you.
You were hungry.

You visited 3 branches of the dungeon, and saw 10 of its levels.

You collected 433 gold pieces.

Inventory:

Hand Weapons
 a - a +0 flail
 u - a +1 flail of protection (weapon)
 E - a cursed +0 mace
 H - a +2 dire flail
Armour
 b - a +5 scale mail (worn)
 y - a scarf of spirit shield (worn)
Jewellery
 m - an uncursed amulet of the acrobat
 p - an amulet of rage (around neck)
 K - an uncursed ring of ice
Wands
 l - a wand of paralysis (10)
 v - a wand of flame (22)
 w - a wand of clouds (11)
 x - a wand of polymorph (11)
 z - a wand of acid (7)
 D - a wand of iceblast (19)
Scrolls
 c - 2 scrolls of fear
 e - 3 scrolls of remove curse
 g - a scroll of enchant armour
 j - 2 scrolls of identify
 q - 4 scrolls of amnesia
 r - 3 scrolls of teleportation
 t - 2 scrolls of immolation
 F - a scroll of blinking
 G - a scroll of fog {unknown}
 I - 2 scrolls of magic mapping
 J - 4 scrolls of acquirement {unknown}
Potions
 d - a potion of might
 h - a potion of cancellation {unknown}
 i - 2 potions of flight {unknown}
 k - a potion of heal wounds {unknown}
 n - a potion of agility
 o - 2 potions of haste {unknown}
 s - a potion of magic {unknown}
 A - a potion of brilliance {unknown}
 B - 4 potions of curing {unknown}
 C - 3 potions of degeneration {unknown}
Comestibles
 f - 18 rations
 L - a chunk of flesh


   Skills:
 + Level 7.9(12.9) Fighting
 + Level 10.8(15.8) Maces & Flails
 + Level 8.8(13.8) Armour
 + Level 4.2(9.2) Dodging
 + Level 3.4(8.4) Stealth
   Level 2.6(7.6) Shields
 + Level 0.3 Spellcasting
 + Level 1.5 Conjurations
 + Level 1.0 Fire Magic
 + Level 1.9 Invocations
 + Level 1.7 Evocations


You had 9 spell levels left.
You knew the following spells:

 Your Spells              Type           Power        Failure   Level  Hunger
a - Flame Tongue          Conj/Fire      #....        43%         1    ##.....

Your spell library contained the following spells:

 Spells                   Type           Power        Failure   Level  Hunger
 Magic Dart               Conj           #...         41%         1    ##.....
 Throw Flame              Conj/Fire      #.....       58%         2    ###....
 Blink                    Tloc           N/A          77%         2    ###....
 Call Imp                 Summ           #.......     77%         2    ###....
 Slow                     Hex            #.......     77%         2    ###....
 Conjure Flame            Conj/Fire      #.......     82%         3    ####...
 Inner Flame              Hex/Fire       #.......     89%         3    ####...
 Mephitic Cloud           Conj/Pois/Air  #.......     89%         3    ####...
 Sticky Flame             Conj/Fire      #.......     99%         4    #####..
 Fireball                 Conj/Fire      #.........   100%        5    ######.


Dungeon Overview and Level Annotations

Branches:
Dungeon (8/15)             Temple (1/1) D:7            Lair (1/6) D:8

Altars:
Cheibriados
Dithmenos
Elyvilon
Makhleb
Nemelex Xobeh
Okawaru
Wu Jian


Innate Abilities, Weirdness & Mutations

You have a pair of antennae on your head.
You have large cloven feet.
You are slightly more attuned to the shadows.
You are partially covered in sharp spines.


Message History

Okawaru accepts your kill.
* * * LOW HITPOINT WARNING * * *
You feel sick.
* * * LOW HITPOINT WARNING * * *
You feel sick.
You see here a +0 hat.
You feel a strong urge to attack something.
* * * LOW HITPOINT WARNING * * *
You feel sick.
* * * LOW HITPOINT WARNING * * *
You feel sick.
There is a lethal amount of poison in your body!
You are too berserk!
You are too berserk!
You feel your anger nearly subside.
You are no longer berserk.
You are exhausted.
You feel yourself slow down.
* * * LOW HITPOINT WARNING * * *
You feel sick.
You die...

##### # ##...####.#
######## #####..P.......
##.##...###..............
.........................
................@.[......
....(............).......
.........................
.........................
.........................
.........................
..................)......
. .......).#...#....
##P#....#..###..


There were no monsters in sight!

Vanquished Creatures
  Gastronok (Lair:1)
  Erica (Lair:1)
  2 two-headed ogres (D:8)
  Joseph (Lair:1)
  Maurice (D:8)
  A spiny frog (Lair:1)
  A hippogriff (Lair:1)
  8 yaks (Lair:1)
  A basilisk (Lair:1)
  Grum (D:8)
  6 porcupines
  A water moccasin (Lair:1)
  An ice beast (D:5)
  4 black bears
  4 ogres
  2 sky beasts
  4 wolves (D:8)
  2 centaurs
  2 crocodiles (Lair:1)
  A big kobold (D:8)
  6 bullfrogs
  2 scorpions
  6 wights
  3 electric eels (D:7)
  A bullfrog zombie (D:5)
  7 crimson imps
  3 hounds
  2 orc priests
  A centaur skeleton (D:8)
  A bullfrog skeleton (D:8)
  3 iguanas
  A worker ant (D:8)
  7 orc wizards
  A killer bee zombie (D:7)
  A hound zombie (D:6)
  11 gnolls
  A howler monkey skeleton (D:6)
  5 adders
  2 shadow imps
  2 oozes
  2 adder skeletons
  2 adder zombies
  3 worms
  4 leopard geckos
  18 orcs
  5 giant cockroaches
  2 goblins
  2 hobgoblins
  22 jackals
  A quokka (D:6)
  4 ball pythons
  6 bats
  8 frilled lizards
  6 kobolds
  2 quokka skeletons
  6 rats
  A plant (D:7)
205 creatures vanquished.

Vanquished Creatures (others)
  48 fungi (D:8)
  19 plants
67 creatures vanquished.

Grand Total: 272 creatures vanquished

Notes
Turn   | Place    | Note
-------+----------+-------------------------------------------
     0 | D:1      | Kairos the Demonspawn Fighter began the quest for the Orb.
     0 | D:1      | Reached XP level 1. HP: 18/18 MP: 1/1
   304 | D:1      | Reached skill level 2 in Maces & Flails
   308 | D:1      | Gained mutation: You are partially covered in sharp spines.
                  | [demonic ancestry]
   308 | D:1      | Reached XP level 2. HP: 21/24 MP: 2/2
  1050 | D:2      | Gained mutation: You are slightly more attuned to the
                  | shadows. [demonic ancestry]
  1050 | D:2      | Reached XP level 3. HP: 20/29 MP: 3/3
  1536 | D:3      | Gained mutation: You have large cloven feet. [demonic
                  | ancestry]
  1536 | D:3      | Reached XP level 4. HP: 28/36 MP: 4/4
  1834 | D:3      | Reached skill level 3 in Maces & Flails
  2239 | D:4      | Reached XP level 5. HP: 35/42 MP: 5/5
  2729 | D:5      | Entered Level 5 of the Dungeon
  2751 | D:5      | Reached skill level 4 in Maces & Flails
  2763 | D:5      | Reached XP level 6. HP: 27/48 MP: 6/6
  2866 | D:5      | Noticed a sky beast
  2869 | D:5      | Reached skill level 1 in Dodging
  2871 | D:5      | Killed a sky beast
  2882 | D:5      | Noticed an ice beast
  2909 | D:5      | Killed an ice beast
  2909 | D:5      | Reached skill level 5 in Maces & Flails
  2909 | D:5      | Reached XP level 7. HP: 22/55 MP: 3/7
  3127 | D:5      | Learned a level 1 spell: Flame Tongue
  3140 | D:5      | Found a shadowy altar of Dithmenos.
  3490 | D:6      | Reached skill level 1 in Fire Magic
  4043 | D:6      | Reached skill level 5 in Fighting
  4239 | D:7      | Reached skill level 6 in Maces & Flails
  4239 | D:7      | Reached XP level 8. HP: 60/62 MP: 8/8
  4249 | D:7      | Found a transporter.
  4254 | D:7      | Found a transporter.
  4383 | D:7      | Reached skill level 1 in Conjurations
  4596 | D:7      | Found a staircase to the Ecumenical Temple.
  4684 | D:7      | Reached skill level 1 in Stealth
  4905 | D:7      | Reached skill level 5 in Armour
  4987 | D:7      | Reached skill level 7 in Maces & Flails
  5247 | Temple   | Entered the Ecumenical Temple
  5268 | Temple   | Became a worshipper of Warmaster Okawaru
  5811 | D:8      | Gained mutation: You have a pair of small antennae on your
                  | head. [demonic ancestry]
  5811 | D:8      | Reached XP level 9. HP: 20/68 MP: 4/9
  6251 | D:8      | Noticed Maurice
  6264 | D:8      | Paralysed by Maurice for 4 turns
  6272 | D:8      | Killed Maurice
  6272 | D:8      | Reached * piety under Okawaru
  6328 | D:8      | Reached skill level 8 in Maces & Flails
  6331 | D:8      | Reached skill level 1 in Evocations
  6332 | D:8      | Noticed Grum
  6358 | D:8      | Killed Grum
  6363 | D:8      | Reached ** piety under Okawaru
  6366 | D:8      | Reached skill level 1 in Invocations
  6745 | D:8      | Found a staircase to the Lair.
  6805 | D:8      | Reached XP level 10. HP: 67/76 MP: 9/11
  6821 | D:8      | Reached skill level 9 in Maces & Flails
  6862 | D:8      | Noticed a two-headed ogre
  6868 | D:8      | Killed a two-headed ogre
  6868 | D:8      | Reached *** piety under Okawaru
  6899 | D:8      | Noticed a two-headed ogre
  6910 | D:8      | Killed a two-headed ogre
  6910 | D:8      | Reached **** piety under Okawaru
  7614 | Lair:1   | Entered Level 1 of the Lair of Beasts
  7629 | Lair:1   | Noticed Erica
  7641 | Lair:1   | Killed Erica
  7641 | Lair:1   | Reached skill level 10 in Maces & Flails
  7985 | Lair:1   | Reached ***** piety under Okawaru
  8411 | Lair:1   | Gained mutation: You have a pair of antennae on your head.
                  | [demonic ancestry]
  8411 | Lair:1   | Reached XP level 11. HP: 41/84 MP: 7/12
  8947 | Lair:1   | Noticed Joseph
  8965 | Lair:1   | Killed Joseph
  8981 | Lair:1   | Noticed Gastronok
  8998 | Lair:1   | Killed Gastronok
  9002 | Lair:1   | HP: 6/129 [poisoned by a spiny frog]
  9004 | Lair:1   | Succumbed to a spiny frog's poison

Vault maps used:
D:1:      dpeg_arrival_line_fractal, layout_basic
D:2:      layout_basic, first_ration
D:3:      layout_loops_cross, hangedman_decor_push, minivault_24
D:4:      layout_basic
D:5:      layout_basic, grunt_dithmenos_smoke
D:6:      layout_gridville
D:7:      gammafunk_steamed_eel, layout_cave_pods, minmay_temple_entry_crystal_x
D:8:      layout_loops_corners, due_lair_maze_entry_diamond, uniq_grum,
          uniq_maurice
Temple:   regret_index_temple_sigil_plot
Lair:1:   layout_hall_layers, grunt_megastairs_5, lemuel_fruit_tree,
          uniq_gastronok, uniq_joseph, uniq_erica

Skill      XL: |  1  2  3  4  5  6  7  8  9 10 11 |
---------------+----------------------------------+-----
Maces & Flails | 2 3 4 5 6 7 8 10 | 10.8
Armour         | 3 4 6 7 8 |  8.8
Fighting       | 4 5 6 7 |  7.9
Dodging        | 1 2 3 4 |  4.2
Fire Magic     | 1 |  1.0
Conjurations   | 1 |  1.5
Stealth        | 1 2 3 |  3.4
Evocations     | 1 |  1.7
Invocations    | 1 |  1.9
Shields        | |  2.6
Spellcasting   | |  0.3

Action                   |  1- 3 |  4- 6 |  7- 9 | 10-12 || total
-------------------------+-------+-------+-------+-------++-------
Melee: Flail             |    66 |   104 |   262 |   169 ||   601
       Kick              |       |    27 |    84 |    73 ||   184
       Punch             |       |       |     2 |       ||     2
 Cast: Flame Tongue      |       |       |     1 |       ||     1
Invok: Heroism           |       |       |     1 |     1 ||     2
 Abil: Evoke Berserk Rag |       |       |       |     1 ||     1
Evoke: Wand              |       |       |     6 |       ||     6
  Use: Scroll            |       |     7 |     3 |     7 ||    17
 Stab: Distracted        |       |       |       |     2 ||     2
  Eat: Chunk             |     2 |     4 |     5 |     5 ||    16
       Ration            |       |       |     2 |     1 ||     3
Armor: Scale mail        |    28 |    77 |   130 |    76 ||   311
Dodge: Dodged            |    32 |    56 |   106 |    70 ||   264

Table legend:
 A = Non-vault XP
 B = Vault XP
 C = Vault XP percentage of total XP
 D = Non-vault monster count
 E = Vault monster count
 F = Vault count percentage of total count
                 A         B        C        D         E       F
            +---------+---------+-------+---------+---------+-------
      Total |    8494 |    6182 |  42.1 |     181 |      23 |  11.3
            +---------+---------+-------+---------+---------+-------
        D:1 |      23 |       0 |   0.0 |      14 |       0 |   0.0
        D:2 |      19 |       0 |   0.0 |      12 |       0 |   0.0
        D:3 |      98 |       0 |   0.0 |      27 |       0 |   0.0
        D:4 |     149 |       0 |   0.0 |      16 |       0 |   0.0
        D:5 |     687 |       0 |   0.0 |      17 |       0 |   0.0
        D:6 |     330 |       0 |   0.0 |      16 |       0 |   0.0
        D:7 |    1167 |     163 |  12.3 |      28 |       3 |   9.7
        D:8 |    3046 |    2338 |  43.4 |      36 |      16 |  30.8
     Lair:1 |    2975 |    3681 |  55.3 |      15 |       4 |  21.1
            +---------+---------+-------+---------+---------+-------
